 Dungeon Crawl Stone Soup version 0.14-a0-2737-gb10a4c8 (webtiles) character file.

286 Laan the Skirmisher (level 5, -1/34 HPs)
             Began as a Gargoyle Fighter on Feb 21, 2014.
             Slain by an orc
             ... wielding a -1,+0 orcish short sword
              (4 damage)
             ... on Level 3 of the Dungeon.
             The game lasted 00:03:53 (1771 turns).

Laan the Skirmisher (Gargoyle Fighter)              Turns: 1771, Time: 00:03:53

HP  -1/34        AC 10     Str 21      XL: 5   Next:  9%
MP   5/5         EV  6     Int  8      God:
Gold 160         SH 18     Dex  9      Spells:  0 memorised,  4 levels left

rFire  . . .     SeeInvis .     a - +0,+1 mace
rCold  . . .     Clarity  .     b - +0 scale mail (curse)
rNeg   + . .     Conserve .     c - +0 shield
rPois  +         rCorr    +     (no helmet)
rElec  +         rRot     +     (no cloak)
SustAb . .       Spirit   .     u - -2 pair of gloves (curse)
rMut   .         Warding  .     (no boots)
Saprov . . .     Stasis   .     m - cursed amulet of resist corrosion
MR     .....                    (no ring)
                                (no ring)

@: not resistant to hostile enchantments, extremely unstealthy
A: life protection 1, electricity resistance, unbreathing, petrification
resistance, AC +4
a: no special abilities


You were on level 3 of the Dungeon.
You were not hungry.

You visited 1 branch of the dungeon, and saw 3 of its levels.

You collected 160 gold pieces.

Inventory:

Hand weapons
 a - a +0,+1 mace (weapon)
Armour
 b - a cursed +0 scale mail (worn)
 c - a +0 shield (worn)
 u - a cursed -2 pair of gloves (worn)
Magical devices
 l - a wand of confusion (0)
 o - a wand of frost (7)
 s - a wand of random effects (13)
Comestibles
 d - a bread ration
 k - 2 chokos
 r - a honeycomb
Scrolls
 e - a scroll of curse weapon
 f - 2 scrolls of identify
 i - a scroll of enchant weapon II
Jewellery
 m - a cursed amulet of resist corrosion (around neck)
 q - an uncursed amulet of guardian spirit
Potions
 h - a potion of agility {unknown}
 j - a potion of restore abilities
 t - a potion of curing {unknown}


   Skills:
 + Level 4.3 Fighting
 * Level 4.0 Maces & Flails
 + Level 3.8 Armour
 + Level 3.7 Shields


You had 4 spell levels left.
You didn't know any spells.

Dungeon Overview and Level Annotations

Branches:
Dungeon (3/16)

Altars:


Innate Abilities, Weirdness & Mutations

You are resistant to torment.
You are immune to poison.
Your stone body is very resilient (AC +4).
You resist negative energy.
You are resistant to electric shocks.
You can survive without breathing.
You are immune to petrification.


Message History

* * * LOW HITPOINT WARNING * * *
You are too injured to fight recklessly!
You are too injured to fight recklessly!
You are too injured to fight recklessly!
Unknown command.
Your shield prevents you from hitting the orc.
Something hits you.
* * * LOW HITPOINT WARNING * * *
You block the orc's attack.
The orc hits you with an orcish short sword.
* * * LOW HITPOINT WARNING * * *
You hear some strange, mumbled words.
The magic dart hits you!
* * * LOW HITPOINT WARNING * * *
You barely miss the orc. The orc hits you but does no damage.
The orc priest becomes somewhat translucent.
The orc hits you but does no damage. Something hits you but does no damage.
You block the orc's attack.
The orc hits you with an orcish short sword.
You die...

#..######...#
....########.####
....................
.###.###....#.###
...............#
........≈......# #
.......≈......#...
.....≈≈≈≈..........
...≈≈≈≈§≈.@........
≈≈≈≈≈≈≈≈≈oo.$.##..
≈≈≈§≈§§≈....[#
≈≈≈≈≈≈≈≈..o.....
≈≈≈≈≈≈≈....####
≈≈≈≈≈≈.....
≈≈≈≈.......
≈≈≈...... ...


You could see an orc priest and 2 orcs.

Vanquished Creatures
  Ijyb (D:2)
  5 adders
  2 worms (D:3)
  An ooze (D:1)
  An orc (D:3)
  2 giant cockroaches
  5 hobgoblins
  3 jackals (D:2)
  2 quokkas
  A ball python (D:1)
  7 bats
  A giant newt (D:1)
  7 goblins
  8 kobolds
  7 rats
53 creatures vanquished.

Notes
Turn   | Place    | Note
--------------------------------------------------------------
     0 | D:1      | Laan, the Gargoyle Fighter, began the quest for the Orb.
     0 | D:1      | Reached XP level 1. HP: 14/14 MP: 1/1
   239 | D:1      | Reached XP level 2. HP: 19/19 MP: 2/2
   739 | D:1      | Reached XP level 3. HP: 24/24 MP: 3/3
   942 | D:2      | Reached skill level 4 in Fighting
   946 | D:2      | Noticed Ijyb
   972 | D:2      | Killed Ijyb
   990 | D:2      | Reached XP level 4. HP: 19/29 MP: 4/4
  1715 | D:3      | Reached XP level 5. HP: 33/33 MP: 5/5
  1771 | D:3      | Slain by an orc

Action                   |  1- 3 |  4- 6 || total
-------------------------+-------+-------++-------
Melee: Mace              |   105 |   107 ||   212
Evoke: Wand              |       |     2 ||     2
  Use: Scroll            |       |     6 ||     6
